 Dungeon Crawl Stone Soup version 0.22-a0-456-g11ed031 (webtiles) character file.

12805 jerryfan the Slicer (level 12, -9/180 HPs)
             Began as a Halfling Gladiator on June 6, 2018.
             Was a Priest of Dithmenos.
             Mangled by a snapping turtle (11 damage)
             ... on level 9 of the Dungeon.
             The game lasted 00:59:42 (13097 turns).

jerryfan the Slicer (Halfling Gladiator)           Turns: 13097, Time: 00:59:42

Health: -9/180     AC: 26    Str: 21 (22) XL:     12   Next: 24%
Magic:  16/16      EV:  3    Int:  0 (1)  God:    Dithmenos [***...]
Gold:   748        SH:  0    Dex: 29 (30) Spells: 9/11 levels left

rFire    . . .     SeeInvis +   G - +7 rapier
rCold    . . .     Gourm    .   (shield restricted)
rNeg     + + +     Faith    .   (armour currently unavailable)
rPois    +         Spirit   .   (helmet currently unavailable)
rElec    +         Reflect  .   (cloak currently unavailable)
rCorr    .         Harm     .   (gloves currently unavailable)
MR       .....     NoTele   +   (boots currently unavailable)
Stlth    ..........             (no amulet)
HPRegen  0.40/turn              z - +2 ring of dexterity
MPRegen  0.15/turn              L - ring of Ofuunyaph {rElec Str+2 Int-5 Dex+7 SInv}

@: berserking, tree-form (expiring), slowed, lost intelligence, wreathed by
umbra
A: small, mutation resistance 1
a: Shadow Step, Renounce Religion


You were on level 9 of the Dungeon.
You worshipped Dithmenos.
Dithmenos was most pleased with you.
You were not hungry.
You were a tree.
You visited 5 branches of the dungeon, and saw 16 of its levels.

You collected 748 gold pieces.

Inventory:

Hand Weapons
 E - a +0 hunting sling
 G - a +7 rapier (weapon)
 K - a +0 long sword
 X - a +0 triple crossbow
Missiles
 g - 190 arrows
 j - 149 sling bullets
 k - 115 bolts
 o - 289 stones (quivered)
 B - 2 curare-tipped needles
 R - 3 needles of sleeping
 Z - 44 poisoned needles
Armour
 a - a +0 hat of intelligence
 b - a +1 leather armour (melded)
 d - a +0 pair of boots (melded)
 l - a +0 pair of gloves (melded)
 I - a scarf of repulsion (melded)
 J - a +2 helmet (melded)
Jewellery
 e - an uncursed ring of protection from cold
 p - a +3 ring of strength
 s - an uncursed ring of protection from cold
 z - a +2 ring of dexterity (left branch)
 L - the ring of Ofuunyaph (right branch) {rElec Str+2 Int-5 Dex+7 SInv}
   (You found it on level 5 of the Dungeon)

   [ring of see invisible]

   It affects your strength (+2).
   It affects your intelligence (-5).
   It affects your dexterity (+7).
   It insulates you from electricity.
   It lets you see invisible.
 P - a +3 ring of strength
 T - a +2 ring of intelligence
 W - an uncursed ring of magical power
Wands
 M - a wand of flame (6)
 V - a wand of polymorph (5)
Scrolls
 h - a scroll of immolation
 i - 4 scrolls of random uselessness
 m - 5 scrolls of magic mapping
 w - 8 scrolls of identify
 C - 2 scrolls of fear
 D - 12 scrolls of remove curse
 Q - 3 scrolls of teleportation
 U - 3 scrolls of fog
Potions
 n - a potion of ambrosia
 r - 3 potions of lignification
 t - 2 potions of flight
 x - 2 potions of curing
 A - a potion of brilliance
 F - 2 potions of heal wounds {unknown}
 H - a potion of degeneration
 N - a potion of agility {unknown}
 S - a potion of mutation {unknown}
Comestibles
 c - 2 chunks of flesh
 f - 16 rations


   Skills:
 + Level 6.4 Fighting
 * Level 11.9 Short Blades
 + Level 7.0 Throwing
 + Level 8.1 Dodging
 * Level 11.4 Stealth
 + Level 5.6 Evocations


You had 9 spell levels left.
You knew the following spells:

 Your Spells              Type           Power        Failure   Level  Hunger
a - Ensorcelled Hibernat  Hex/Ice        #.....       75%         2    ###....

Your spell library contained the following spells:

 Spells                   Type           Power        Failure   Level  Hunger
 Confuse                  Hex            #.......     92%         3    ####...
 Tukima's Dance           Hex            #.......     92%         3    ####...
 Corona                   Hex            #......      58%         1    ##.....
 Dazzling Spray           Conj/Hex       #.....       92%         3    ####...


Dungeon Overview and Level Annotations

Branches:
Dungeon (10/15)            Temple (0/1) D:7            Lair (3/6) D:9
 Shoals (1/4) Lair:2       Spider (1/4) Lair:2          Orc (1/2) D:9

Altars:
Dithmenos
Fedhas
Vehumet

Shops:
D:10 [

Annotations:
D:7 galech's ghost, novice OgBe
D:10 Fannar; kidcy's ghost, journeyman DsGl


Innate Abilities, Weirdness & Mutations

You are small and have problems with some larger weapons.
You are somewhat resistant to further mutation.


Message History

The snapping turtle bites you but does no damage.
Your transformation is almost over.
The snapping turtle bites you but does no damage.
The snapping turtle bites you.
* * * LOW HITPOINT WARNING * * *
The snapping turtle bites you!
* * * LOW HITPOINT WARNING * * *
You can move again.
It was a potion of berserk rage.
A red film seems to cover your vision as you go berserk!
You feel yourself moving faster!
You feel mighty! The snapping turtle bites you!
* * * LOW HITPOINT WARNING * * *
The snapping turtle bites you but does no damage.
You hit the snapping turtle.
The snapping turtle is severely wounded.
You hit the snapping turtle but do no damage.
The snapping turtle is severely wounded.
The snapping turtle bites you!
You die...

#.#..._......+.....# #.#.# #.#..#
...........#.#.....###.#.###.#..'
.............#####.....#........#
.........##### #..#########....#
..#....#=# #......#.....##.#
.......>>########..###.#.###....#
######........<....# #.#)# #.....
#.##..##...#..###.#.###.....
#..........♣................
##'#######..t...........####
#######.......#.#..#..#......'...
......#....####..........##..###'
##..#.#....##.####'##....##......
....#.#.......##....'.#........##
......##'############............
.........................######..
......########........>..# #.#


You could see a snapping turtle.

Vanquished Creatures
  Gastronok (Lair:2)
  The ghost of Belissa the Sneak, a journeyman FoAK of Lugonu (Lair:1)
  A hydra (Lair:2)
  A two-headed ogre (D:8)
  Joseph (Lair:1)
  A komodo dragon (Lair:1)
  2 rime drakes (Lair:2)
  Grinder (D:5)
  Prince Ribbit (D:7)
  A hippogriff (Lair:2)
  5 blink frogs (Lair:2)
  A snapping turtle (Lair:2)
  3 redbacks (Lair:2)
  2 wyverns
  A basilisk (Lair:2)
  A human (D:9)
  13 yaks
  Menkaure (D:7)
  The ghost of Kikal the Firebug, an amateur TeFE (D:4)
  3 porcupines
  3 orc warriors
  3 sky beasts
  An ice beast (D:5)
  A necrophage (D:9)
  5 ogres
  A wolf (Lair:2)
  A centaur (D:6)
  4 crocodiles
  4 bullfrogs
  A wyvern zombie (D:9)
  3 scorpions
  2 howler monkeys
  4 crimson imps
  3 jellies
  A quasit (D:8)
  5 orc wizards
  A bullfrog skeleton (D:9)
  4 orc priests
  2 hounds
  An iguana (D:8)
  Terence (D:3)
  7 worker ants
  A howler monkey zombie (D:9)
  3 gnolls (D:6)
  14 adders
  A howler monkey skeleton (D:7)
  A shadow imp (D:6)
  2 oozes
  3 adder skeletons
  2 worms
  A dart slug (D:1)
  4 leopard geckos
  25 orcs
  4 bats
  3 giant cockroaches
  7 goblins
  12 hobgoblins
  10 jackals
  6 kobolds
  4 quokkas
  A ball python (D:2)
  10 frilled lizards
  A jackal skeleton (D:4)
  A leopard gecko skeleton (D:4)
  A quokka skeleton (D:2)
  6 rats
223 creatures vanquished.

Vanquished Creatures (others)
  A bush (Lair:2)
  11 fungi (Lair:2)
  4 plants (Lair:2)
16 creatures vanquished.

Grand Total: 239 creatures vanquished

Notes
Turn   | Place    | Note
-------+----------+-------------------------------------------
     0 | D:1      | jerryfan the Halfling Gladiator began the quest for the Orb.
     0 | D:1      | Reached XP level 1. HP: 14/14 MP: 1/1
   130 | D:1      | Reached XP level 2. HP: 17/19 MP: 2/2
   134 | D:1      | Reached skill level 1 in Stealth
   305 | D:1      | Reached XP level 3. HP: 24/24 MP: 3/3
  1112 | D:2      | Reached XP level 4. HP: 29/29 MP: 4/4
  1337 | D:2      | Found a blossoming altar of Fedhas.
  2019 | D:3      | Reached XP level 5. HP: 34/34 MP: 5/5
  2197 | D:3      | Noticed Terence
  2244 | D:3      | Killed Terence
  2371 | D:3      | Reached skill level 5 in Short Blades
  2371 | D:3      | Reached XP level 6. HP: 35/41 MP: 6/6
  2717 | D:4      | Noticed Kikal's ghost (amateur TeFE)
  2759 | D:4      | Found a shadowy altar of Dithmenos.
  2767 | D:4      | Became a worshipper of Dithmenos the Shadowed
  2793 | D:4      | Noticed an ogre
  2853 | D:4      | Killed an ogre
  3374 | D:4      | Killed Kikal's ghost
  3374 | D:4      | Reached XP level 7. HP: 33/45 MP: 7/7
  3718 | D:5      | Entered Level 5 of the Dungeon
  3990 | D:5      | Got a brightly glowing wooden ring
  3991 | D:5      | Identified the ring of Ofuunyaph {rElec Str+2 Int-5 Dex+7 SInv} (You found it on level 5 of the Dungeon)
  4159 | D:5      | Reached skill level 5 in Stealth
  4159 | D:5      | Reached XP level 8. HP: 51/52 MP: 8/8
  4338 | D:5      | Noticed Grinder
  4340 | D:5      | Paralysed by Grinder for 5 turns
  4349 | D:5      | Killed Grinder
  4349 | D:5      | Reached skill level 5 in Dodging
  4351 | D:5      | Reached skill level 1 in Evocations
  4360 | D:5      | Reached * piety under Dithmenos
  4467 | D:5      | You fall through a shaft!
  4595 | D:6      | Reached XP level 9. HP: 55/58 MP: 8/10
  4881 | D:6      | Reached ** piety under Dithmenos
  5398 | D:7      | Noticed galech's ghost (novice OgBe)
  5522 | D:7      | Found a staircase to the Ecumenical Temple.
  5556 | D:7      | Noticed Menkaure
  5597 | D:7      | Killed Menkaure
  5871 | D:7      | Noticed Prince Ribbit
  5900 | D:7      | Killed Prince Ribbit
  6286 | D:8      | Reached skill level 5 in Throwing
  6286 | D:8      | Reached XP level 10. HP: 65/65 MP: 12/12
  6713 | D:8      | Learned a level 2 spell: Ensorcelled Hibernation
  6744 | D:8      | Noticed a two-headed ogre
  6747 | D:8      | Killed a two-headed ogre
  7304 | D:9      | Found a staircase to the Orcish Mines.
  7438 | D:9      | Reached skill level 5 in Fighting
  7529 | D:9      | Found a staircase to the Lair.
  7534 | D:9      | Found a radiant altar of Vehumet.
  8395 | D:10     | Entered Level 10 of the Dungeon
  8395 | D:10     | Found Vaerphino's Antique Armour Emporium.
  8455 | D:10     | Noticed kidcy's ghost (journeyman DsGl)
  8531 | D:10     | Noticed Fannar
  8705 | Lair:1   | Entered Level 1 of the Lair of Beasts
  8725 | Lair:1   | Reached skill level 10 in Short Blades
  8730 | Lair:1   | Noticed Belissa's ghost (journeyman FoAK)
  8741 | Lair:1   | Noticed a komodo dragon
  8770 | Orc:1    | Entered Level 1 of the Orcish Mines
  8772 | Orc:1    | Noticed an orc sorcerer
  9037 | Lair:1   | Killed Belissa's ghost
  9037 | Lair:1   | Reached XP level 11. HP: 23/72 MP: 14/14
  9486 | Lair:1   | Noticed a moth of wrath
  9486 | Lair:1   | a komodo dragon changed into a moth of wrath
  9491 | Lair:1   | a moth of wrath changed into a snapping turtle
  9798 | D:9      | Reached skill level 10 in Stealth
 10429 | Lair:1   | Noticed Joseph
 10435 | Lair:1   | Killed Joseph
 10788 | Lair:2   | Noticed Gastronok
 11231 | Lair:2   | Reached skill level 5 in Evocations
 11620 | Lair:2   | Noticed a six-headed hydra
 11650 | Lair:2   | Killed a six-headed hydra
 11832 | Lair:2   | Killed Gastronok
 11832 | Lair:2   | Reached XP level 12. HP: 30/79 MP: 12/16
 12109 | Lair:2   | Reached *** piety under Dithmenos
 12135 | Lair:2   | Found a hole to the Spider Nest.
 12333 | Lair:2   | Found a staircase to the Shoals.
 12564 | Shoals:1 | Entered Level 1 of the Shoals
 12937 | Spider:1 | Entered Level 1 of the Spider Nest
 13091 | D:9      | Lost intelligence.
 13094 | D:9      | HP: 6/120 [snapping turtle (12)]
 13095 | D:9      | HP: 2/180 [snapping turtle (8)]
 13097 | D:9      | Mangled by a snapping turtle

Vault maps used:
D:1:      dpeg_arrival_snail
D:2:      minmay_wonky_spiral, fedhas_altar_3
D:3:      serial_glass, glass_columns_a, glass_columns_a, uniq_terence
D:4:      first_ration, grunt_dithmenos_smoke
D:5:      kb_forest_paths, uniq_grinder
D:6:      kennysheep_generic_room_15
D:7:      minmay_temple_entry_overgrown, uniq_menkaure, uniq_prince_ribbit1
D:9:      overflow_temple_1_default, lair_entry_dummy, orc_0_dummy,
          grunt_pizzeria, minmay_misc_feat_cross, minivault_14
D:10:     serial_shops, nicolae_shop_window_shopping, shop, uniq_urug,
          uniq_fannar
Lair:1:   enter_volcano_4, patterned_corridor, uniq_joseph
Lair:2:   minmay_shoals_entry_hut, spider_nest_entry_webs,
          infiniplex_staircase_pool, grunt_megastairs_1, uniq_gastronok
Lair:3:   st_stairs_10, minmay_holes, beast_lair_carwin_1, uniq_snorg
Shoals:1: nicolae_shoals_aquamancer_cove, uniq_josephine
Spider:1: nicolae_spider_webs_and_nodes
Orc:1:    serial_shops, nicolae_orc_tapped_out, uniq_erica

Skill      XL: |  1  2  3  4  5  6  7  8  9 10 11 12 |
---------------+-------------------------------------+-----
Stealth        | 1 2 3 4 5 6 8 9 11 | 11.4
Fighting       | 2 3 4 5 6 |  6.4
Short Blades   | 4 5 6 7 8 10 11 | 11.9
Dodging        | 4 5 6 7 8 |  8.1
Throwing       | 3 4 5 6 7 |  7.0
Evocations     | 1 3 4 5 |  5.6

Action                   |  1- 3 |  4- 6 |  7- 9 | 10-12 || total
-------------------------+-------+-------+-------+-------++-------
Melee: Rapier            |    84 |   152 |   238 |   435 ||   909
Throw: Throwing net      |       |     7 |     1 |       ||     8
       Stone             |       |     8 |    11 |     4 ||    23
 Cast: Ensorcelled Hiber |       |       |       |     4 ||     4
Evoke: Wand              |       |       |    13 |     4 ||    17
  Use: Scroll            |     3 |     3 |     5 |    14 ||    25
       Potion            |       |     4 |     3 |    12 ||    19
 Stab: Sleeping          |     4 |     5 |    12 |    22 ||    43
       Held in net/web   |       |     2 |     1 |       ||     3
       Distracted        |       |       |     1 |     4 ||     5
  Eat: Chunk             |     1 |     7 |     6 |    18 ||    32
       Ration            |       |       |     1 |     1 ||     2
Armor: Leather armour    |     9 |    24 |    33 |    30 ||    96
       Skin              |       |     1 |       |    13 ||    14
Dodge: Dodged            |    52 |    95 |   211 |   284 ||   642
       Deflected         |       |       |       |     1 ||     1

Table legend:
 A = Spawn XP
 B = Non-spawn XP
 C = Spawn XP percentage of total XP
 D = Spawn monster count
 E = Non-spawn monster count
 F = Spawn count percentage of total count
 G = Total turns spent on level
                    A         B        C        D         E        F      G
               +---------+---------+-------+---------+---------+-------+---------
         Total |       0 |   18294 |   0.0 |       0 |     223 |   0.0 | 13097
               +---------+---------+-------+---------+---------+-------+---------
           D:1 |       0 |      56 |   0.0 |       0 |      28 |   0.0 |   958
           D:2 |       0 |      70 |   0.0 |       0 |      26 |   0.0 |   996
           D:3 |       0 |     159 |   0.0 |       0 |      13 |   0.0 |   559
           D:4 |       0 |     571 |   0.0 |       0 |      14 |   0.0 |  1359
           D:5 |       0 |     770 |   0.0 |       0 |      20 |   0.0 |   595
           D:6 |       0 |    1705 |   0.0 |       0 |      42 |   0.0 |   892
           D:7 |       0 |     489 |   0.0 |       0 |       5 |   0.0 |   906
           D:8 |       0 |    1306 |   0.0 |       0 |      12 |   0.0 |  1039
           D:9 |       0 |    1919 |   0.0 |       0 |      25 |   0.0 |  2189
          D:10 |       0 |     122 |   0.0 |       0 |       1 |   0.0 |   145
        Lair:1 |       0 |    2989 |   0.0 |       0 |      10 |   0.0 |  1185
        Lair:2 |       0 |    8135 |   0.0 |       0 |      26 |   0.0 |  2163
         Orc:1 |       0 |       3 |   0.0 |       0 |       1 |   0.0 |    13
               +---------+---------+-------+---------+---------+-------+---------
